 Dungeon Crawl Stone Soup version 0.31.0-4-g52a2dc7128 (webtiles) character file.

Game seed: 549435771047484866

12522 Arcadio the Skirmisher (level 11, -6/87 HPs)
             Began as a Gnoll Hunter on Jan 22, 2024.
             Was a High Priest of Cheibriados.
             Mangled by a merfolk
             ... wielding a +0 trident
              (16 damage)
             ... on level 2 of the Lair of Beasts.
             The game lasted 00:38:21 (9726 turns).

Arcadio the Skirmisher (Gnoll Hunter)               Turns: 9726, Time: 00:38:21

Health: -6/87      AC: 17    Str: 22    XL:     11   Next: 94%
Magic:  0/21       EV: 20    Int: 21    God:    Cheibriados [*****.]
Gold:   356        SH:  0    Dex: 38    Spells: 13/24 levels left

rFire   . . .        a - +0 shortbow
rCold   + . .        (shield currently unavailable)
rNeg    . . .        G - +7 Kryia's mail coat {PotionHeal*2 rC+}
rPois   +            (no helmet)
rElec   .            I - +0 cloak
rCorr   .            z - +0 pair of gloves
SInv    .            (no boots)
Will    .....        x - amulet of guardian spirit
Stlth   ++           E - ring of poison resistance
HPRegen 0.34/turn    m - +6 ring of dexterity
MPRegen 0.17/turn

%: guardian spirit
@: about to teleport, very slow
A: fangs 1, strong nose, distributed training
a: Renounce Religion, Bend Time, Temporal Distortion, Slouch, Step From Time


You were on level 2 of the Lair of Beasts.
You worshipped Cheibriados.
Cheibriados was extremely pleased with you.
You visited 3 branches of the dungeon, and saw 12 of its levels.

You collected 437 gold pieces.
You spent 81 gold pieces at shops.

Inventory:

Hand Weapons
 a - a +0 shortbow (weapon)
 b - a +5 mace of freezing
 O - a +2 antimagic dire flail
Armour
 z - a +0 pair of gloves (worn)
 G - the +7 Kryia's mail coat (worn) {PotionHeal*2 rC+}
   (You found it on level 7 of the Dungeon)

   PotionHeal*2: Potions heal its wearer twice as much.
   rC+:       It protects you from cold.
 I - a +0 cloak (worn)
Jewellery
 h - a +6 ring of intelligence
 m - a +6 ring of dexterity (right hand)
 o - a ring of positive energy
 x - an amulet of guardian spirit (around neck)
 E - a ring of poison resistance (left hand)
 M - a ring of ice
Wands
 t - a wand of paralysis (5)
Scrolls
 d - a scroll of blinking {unknown}
 f - 2 scrolls of fog
 i - a scroll of torment
 k - 3 scrolls of vulnerability
 n - 4 scrolls of immolation
 s - 2 scrolls of revelation
 w - a scroll of poison
 J - a scroll of brand weapon {unknown}
Potions
 c - a potion of invisibility {unknown}
 e - 7 potions of curing
 j - 2 potions of heal wounds
 u - a potion of haste {unknown}
 v - 3 potions of attraction
 A - 2 potions of brilliance
 D - 2 potions of cancellation
 N - a potion of lignification {unknown}


   Skills:
 + Level 8.5 Fighting
 + Level 7.0 Short Blades
 + Level 7.0 Long Blades
 + Level 7.0 Axes
 + Level 7.0 Maces & Flails
 + Level 7.0 Polearms
 + Level 7.0 Staves
 + Level 11.0 Ranged Weapons
 + Level 7.0 Throwing
 + Level 7.0 Armour
 + Level 8.5 Dodging
 + Level 7.4 Stealth
 + Level 7.0 Shields
 + Level 7.0 Unarmed Combat
 + Level 7.0 Spellcasting
 + Level 5.8 Conjurations
 + Level 5.8 Hexes
 + Level 5.8 Summonings
 + Level 5.8 Necromancy
 + Level 5.8 Translocations
 + Level 5.8 Fire Magic
 + Level 5.8 Ice Magic
 + Level 5.8 Air Magic
 + Level 5.8 Earth Magic
 + Level 5.8 Alchemy
 + Level 7.7 Invocations
 + Level 7.0 Evocations
 + Level 6.4 Shapeshifting


You had 13 spell levels left.
You knew the following spells:

 Your Spells              Type           Power      Damage    Failure   Level
a - Sigil of Binding      Hex            31%        N/A       5%          3
b - Dimensional Bullseye  Hex/Tloc       15%        N/A       19%         4
c - Dispel Undead         Necr           31%        3d14      19%         4

Your spell library contained the following spells:

 Spells                   Type           Power      Damage    Failure   Level
 Kiss of Death            Conj/Necr      100%       2d13      1%          1
 Call Canine Familiar     Summ           31%        N/A       5%          3
 Confusing Touch          Hex            31%        N/A       5%          3
 Haunt                    Necr/Summ      15%        N/A       100%        7
 Borgnjor's Revivificati  Necr           15%        N/A       100%        8
 Death's Door             Necr           15%        N/A       100%        9


Dungeon Overview and Level Annotations

Branches:
Dungeon (9/15)             Temple (1/1) D:7            Lair (2/5) D:9
 Shoals (0/4) Lair:2
  Snake: Lair:2-3    Spider: Lair:2-3       Orc: D:9-12

Altars:
Ashenzari
Cheibriados
Dithmenos
Elyvilon
Fedhas
Gozag
Hepliaklqana
Kikubaaqudgha
Makhleb
Nemelex Xobeh
Okawaru
Qazlal
Ru
Sif Muna
Trog
Uskayaw
Vehumet
Wu Jian
Xom
Yredelemnul
Zin
The Shining One

Shops:
D:3 *   D:4 *

Annotations:
Lair:1 Gastronok


Innate Abilities, Weirdness & Mutations

You have very sharp teeth.
Your uncanny sense of smell can sniff out nearby items.
Your experience applies equally to all skills.


Message History

The merfolk hits you with a +0 trident!
You shoot an arrow.
The arrow hits the merfolk but does no damage.
The merfolk is moderately wounded.
The merfolk hits you with a +0 trident.
You shoot an arrow. The arrow hits the merfolk.
The merfolk is moderately wounded.
The merfolk hits you but does no damage.
You shoot an arrow. The arrow barely misses the merfolk.
The merfolk misses you.
You shoot an arrow. The arrow hits the merfolk.
The merfolk is moderately wounded.
The merfolk hits you with a +0 trident!
You shoot an arrow. The arrow barely misses the merfolk.
The merfolk barely misses you.
You shoot an arrow. The arrow hits the merfolk!
The merfolk is heavily wounded.
The merfolk barely misses you.
You shoot an arrow. The arrow barely misses the merfolk.
The skyshark is no longer paralysed.
The skyshark misses you. The skyshark completely misses you.
The skyshark tail-slaps you!
The merfolk hits you but does no damage.
The skyshark bites you!!
* * * LOW HITPOINT WARNING * * *
The skyshark tail-slaps you but does no damage.
The skyshark completely misses you.
Okay, then.
Unknown command.
You warp the flow of time around you!
Cheibriados lowers the support of your attributes as your movement quickens.
As you read the scroll of teleportation, it crumbles to dust.
You feel strangely unstable.
Something bites the plant!!
Something tail-slaps the plant.
Something tail-slaps the plant!
The merfolk hits you from afar with a +0 trident!
* * * LOW HITPOINT WARNING * * *
The merfolk attacks as it pursues you!
The merfolk hits you from afar with a +0 trident.
* * * LOW HITPOINT WARNING * * *
The merfolk hits you from afar with a +0 trident!
You die...

###.#.#......###P.####...##
P##.#.#k....### ###
..............## ~$P ∆
...............# #~#
...............# #~#
...............####~####...
...............~~~~P~~~~...
.##..#.#.......####~####..
.##..###......##@~#~# >#
......##.....###~~#~#~~#...#...
.#...........# #~~m$P~~#..F#.. .
.#....#......###########..... ..
..........)........###.........
.#P...##......##...##P.....#.#.#
.#######.....+......##......#..#
.###.##......##.####............
..............### ####..........


You could see a merfolk.

Vanquished Creatures
  A boulder beetle (D:7)
  A two-headed ogre (D:8)
  Amaemon (D:9)
  4 elephants (Lair:2)
  An orange demon (Lair:1)
  2 cane toads
  A komodo dragon (Lair:1)
  A rime drake (Lair:2)
  2 trolls
  Prince Ribbit (D:5)
  2 wyverns (Lair:2)
  9 yaks
  A steam dragon (D:7)
  3 basilisks
  5 water moccasins
  2 ice beasts
  2 orc warriors
  2 black bears
  2 sky beasts (D:6)
  An ogre (D:6)
  5 wolves
  3 centaurs
  A phantom (D:6)
  5 kobold brigands
  8 bullfrogs
  5 scorpions
  A gnoll sergeant (D:8)
  6 wights
  13 killer bees
  2 electric eels (D:9)
  8 hounds
  5 orc priests
  A bombardier beetle (D:5)
  A jelly (D:6)
  Jessica (D:2)
  2 iguanas
  A sleepcap (D:6)
  10 orc wizards
  12 gnolls
  7 adders
  A white imp (D:6)
  5 dart slugs
  3 ribbon worms
  32 orcs
  3 endoplasms
  4 giant cockroaches
  8 goblins
  6 hobgoblins
  3 jackals (D:1)
  6 quokkas
  10 ball pythons
  5 bats
  24 kobolds
  4 rats
255 creatures vanquished.

Vanquished Creatures (others)
  A human simulacrum (D:9)
  2 orcs (D:9)
3 creatures vanquished.

Grand Total: 258 creatures vanquished

Notes
Turn   | Place    | Note
-------+----------+-------------------------------------------
     0 | D:1      | Arcadio the Gnoll Hunter began the quest for the Orb.
     0 | D:1      | Reached XP level 1. HP: 20/20 MP: 1/1
   185 | D:1      | Reached XP level 2. HP: 26/26 MP: 2/2
   401 | D:1      | Reached XP level 3. HP: 31/31 MP: 3/3
   897 | D:2      | Reached skill level 1 in Invocations
   912 | D:2      | Reached skill level 1 in Short Blades
   912 | D:2      | Reached skill level 1 in Long Blades
   912 | D:2      | Reached skill level 1 in Axes
   912 | D:2      | Reached skill level 1 in Maces & Flails
   912 | D:2      | Reached skill level 1 in Polearms
   912 | D:2      | Reached skill level 1 in Staves
   912 | D:2      | Reached skill level 1 in Throwing
   912 | D:2      | Reached skill level 1 in Armour
   912 | D:2      | Reached skill level 1 in Shields
   912 | D:2      | Reached skill level 1 in Unarmed Combat
   912 | D:2      | Reached skill level 1 in Spellcasting
   912 | D:2      | Reached skill level 1 in Evocations
   928 | D:2      | Noticed Jessica
   929 | D:2      | Killed Jessica
   930 | D:2      | Reached skill level 1 in Shapeshifting
   930 | D:2      | Reached XP level 4. HP: 38/38 MP: 5/5
  1126 | D:2      | Reached skill level 1 in Conjurations
  1126 | D:2      | Reached skill level 1 in Hexes
  1126 | D:2      | Reached skill level 1 in Summonings
  1126 | D:2      | Reached skill level 1 in Necromancy
  1126 | D:2      | Reached skill level 1 in Translocations
  1126 | D:2      | Reached skill level 1 in Fire Magic
  1126 | D:2      | Reached skill level 1 in Ice Magic
  1126 | D:2      | Reached skill level 1 in Air Magic
  1126 | D:2      | Reached skill level 1 in Earth Magic
  1126 | D:2      | Reached skill level 1 in Alchemy
  1663 | D:3      | Reached XP level 5. HP: 22/43 MP: 5/7
  1772 | D:3      | Found a snail-covered altar of Cheibriados.
  1817 | D:3      | Became a worshipper of Cheibriados the Contemplative
  1972 | D:3      | Reached XP level 6. HP: 50/50 MP: 8/8
  2118 | D:3      | Reached skill level 5 in Fighting
  2118 | D:3      | Reached skill level 5 in Dodging
  2137 | D:3      | Found Lemacs's Assorted Antiques.
  2142 | D:3      | Bought a black potion for 20 gold pieces
  2142 | D:3      | Bought 2 emerald potions for 41 gold pieces
  2142 | D:3      | Bought a fizzy clear potion for 20 gold pieces
  2172 | D:3      | Reached * piety under Cheibriados
  2488 | D:4      | Found a radiant altar of Vehumet.
  2544 | D:4      | Reached XP level 7. HP: 56/56 MP: 10/10
  2708 | D:4      | Found Osso's Elemental Accessories.
  3195 | D:5      | Entered Level 5 of the Dungeon
  3374 | D:5      | Reached skill level 9 in Ranged Weapons
  3411 | D:5      | Reached ** piety under Cheibriados
  3666 | D:5      | Noticed Prince Ribbit
  3681 | D:5      | Killed Prince Ribbit
  3682 | D:5      | Reached XP level 8. HP: 50/63 MP: 8/12
  3949 | D:5      | Found a glowing golden altar of the Shining One.
  4008 | D:5      | Found a shimmering blue altar of Sif Muna.
  4690 | D:6      | Reached XP level 9. HP: 69/69 MP: 14/14
  4987 | D:7      | Found a hide-covered altar of Uskayaw.
  5012 | D:6      | Reached *** piety under Cheibriados
  5092 | D:7      | Found a staircase to the Ecumenical Temple.
  5133 | Temple   | Entered the Ecumenical Temple
  5151 | D:7      | Noticed a troll
  5184 | D:6      | HP: 2/70 [troll (5)]
  5186 | D:6      | Killed a troll
  5187 | D:6      | Reached skill level 5 in Stealth
  5454 | D:7      | Noticed a boulder beetle
  5486 | D:7      | Reached skill level 5 in Invocations
  5612 | D:7      | Found the +7 Kryia's mail coat {PotionHeal*2 rC+}
  5627 | D:7      | Reached **** piety under Cheibriados
  5864 | D:7      | Found a basalt altar of Yredelemnul.
  5993 | D:7      | Killed a boulder beetle
  5994 | D:7      | Reached skill level 5 in Short Blades
  5994 | D:7      | Reached skill level 5 in Long Blades
  5994 | D:7      | Reached skill level 5 in Axes
  5994 | D:7      | Reached skill level 5 in Maces & Flails
  5994 | D:7      | Reached skill level 5 in Polearms
  5994 | D:7      | Reached skill level 5 in Staves
  5994 | D:7      | Reached skill level 10 in Ranged Weapons
  5994 | D:7      | Reached skill level 5 in Throwing
  5994 | D:7      | Reached skill level 5 in Armour
  5994 | D:7      | Reached skill level 5 in Shields
  5994 | D:7      | Reached skill level 5 in Unarmed Combat
  5994 | D:7      | Reached skill level 5 in Spellcasting
  5994 | D:7      | Reached skill level 5 in Evocations
  5994 | D:7      | Reached XP level 10. HP: 66/79 MP: 15/17
  6233 | D:8      | Noticed a two-headed ogre
  6246 | D:8      | Killed a two-headed ogre
  6247 | D:8      | Reached skill level 5 in Shapeshifting
  7343 | D:9      | Reached ***** piety under Cheibriados
  7383 | D:9      | Found a staircase to the Lair.
  7527 | Lair:1   | Entered Level 1 of the Lair of Beasts
  7546 | D:9      | Reached skill level 5 in Conjurations
  7546 | D:9      | Reached skill level 5 in Hexes
  7546 | D:9      | Reached skill level 5 in Summonings
  7546 | D:9      | Reached skill level 5 in Necromancy
  7546 | D:9      | Reached skill level 5 in Translocations
  7546 | D:9      | Reached skill level 5 in Fire Magic
  7546 | D:9      | Reached skill level 5 in Ice Magic
  7546 | D:9      | Reached skill level 5 in Air Magic
  7546 | D:9      | Reached skill level 5 in Earth Magic
  7546 | D:9      | Reached skill level 5 in Alchemy
  7573 | D:9      | Reached XP level 11. HP: 50/85 MP: 14/20
  7714 | Lair:1   | Noticed Amaemon
  8021 | D:9      | Killed Amaemon
  8534 | Lair:1   | Noticed Gastronok
  8676 | Lair:1   | You fall into a shaft and drop 1 floor!
  8676 | Lair:2   | Noticed a death yak
  8676 | Lair:2   | Noticed a death yak
  8676 | Lair:2   | Noticed a death yak
  8676 | Lair:2   | Noticed a death yak
  8820 | Lair:2   | Noticed a skyshark
  9123 | Lair:2   | Learned a level 3 spell: Sigil of Binding
  9128 | Lair:2   | Learned a level 4 spell: Dimensional Bullseye
  9133 | Lair:2   | Learned a level 4 spell: Dispel Undead
  9201 | Lair:2   | Reached skill level 11 in Ranged Weapons
  9705 | Lair:2   | Found a staircase to the Shoals.
  9726 | Lair:2   | Mangled by a merfolk

Illustrated notes

Levels and vault maps discovered:
D:1:      lemuel_arrival_tunnels, layout_loops_ring,
          chequers_serial_rivers_micro_b
D:2:      layout_loops_cross, uniq_jessica
D:3:      layout_rooms, nicolae_overflow_crystal_walls, serial_shops, shop
D:4:      layout_cave_pools, nicolae_vehumet_altar_sigil,
          minmay_large_rounded_square, nicolae_elemental_shop,
          chequers_big_river
D:5:      layout_loops_ring, tso_altar, mainiacjoe_overflow_alcove_4,
          uniq_prince_ribbit1
D:6:      layout_gridville
D:7:      layout_cave_pools, mainiacjoe_overflow_tiny_flanked,
          mainiacjoe_overflow_concentric_impassable,
          minmay_temple_entry_antechambers, amcnicky_mini_pool_small
D:8:      layout_rooms
D:9:      cheibrodos_statue_roulette, layout_cave_pools, erik_lair_island,
          orc_0_dummy, bh_circular_ruins
Temple:   regret_index_temple_sphere_string
Lair:1:   layout_cave_pods, tgw_fedhas, uniq_gastronok, uniq_harold,
          uniq_amaemon
Lair:2:   layout_regular_city, mainiacjoe_shoals_entry_four_pools,
          nicolae_snake_entry_warm_welcome, serial_bayou_shore_b,
          grunt_megastairs_2

Skill      XL: |  1  2  3  4  5  6  7  8  9 10 11 |
---------------+----------------------------------+-----
Invocations    | 1 2 3 4 5 6 7 |  7.7
Short Blades   | 1 2 3 5 6 7 |  7.0
Long Blades    | 1 2 3 5 6 7 |  7.0
Axes           | 1 2 3 5 6 7 |  7.0
Maces & Flails | 1 2 3 5 6 7 |  7.0
Polearms       | 1 2 3 5 6 7 |  7.0
Staves         | 1 2 3 5 6 7 |  7.0
Throwing       | 1 2 3 5 6 7 |  7.0
Armour         | 1 2 3 5 6 7 |  7.0
Shields        | 1 2 3 5 6 7 |  7.0
Unarmed Combat | 1 2 3 5 6 7 |  7.0
Spellcasting   | 1 2 3 5 6 7 |  7.0
Evocations     | 1 2 3 5 6 7 |  7.0
Shapeshifting  | 1 2 3 4 5 6 |  6.4
Conjurations   | 1 2 3 4 5 |  5.8
Hexes          | 1 2 3 4 5 |  5.8
Summonings     | 1 2 3 4 5 |  5.8
Necromancy     | 1 2 3 4 5 |  5.8
Translocations | 1 2 3 4 5 |  5.8
Fire Magic     | 1 2 3 4 5 |  5.8
Ice Magic      | 1 2 3 4 5 |  5.8
Air Magic      | 1 2 3 4 5 |  5.8
Earth Magic    | 1 2 3 4 5 |  5.8
Alchemy        | 1 2 3 4 5 |  5.8
Stealth        | 3 4 5 6 7 |  7.4
Fighting       | 5 6 7 8 |  8.5
Dodging        | 5 6 7 8 |  8.5
Ranged Weapons | 9 10 11 | 11.0

Action                     |  1- 3 |  4- 6 |  7- 9 | 10-12 || total
---------------------------+-------+-------+-------+-------++-------
  Melee: Shortbow          |       |       |       |     4 ||     4
         Bite              |       |       |       |     1 ||     1
   Fire: Shortbow          |    89 |   174 |   282 |   559 ||  1104
         Orcbow            |       |       |    93 |    54 ||   147
   Cast: Dimensional Bulls |       |       |       |     2 ||     2
 Invoke: Bend Time         |       |     1 |       |     1 ||     2
         Temporal Distorti |       |       |       |     5 ||     5
  Evoke: Wand              |       |       |       |     1 ||     1
    Use: Scroll            |     2 |     1 |     4 |    17 ||    24
         Potion            |       |       |     1 |     3 ||     4
 Armour: Leather armour    |    23 |    80 |   137 |       ||   240
         Scale mail        |       |       |    16 |   420 ||   436
  Dodge: Dodged            |    38 |    77 |   297 |   706 ||  1118
